 Dungeon Crawl Stone Soup version 0.32-a0-814-g0968bab981 (webtiles) character file.

Game seed: 15230917845892797093

1019 smashvw the Grasshopper (level 8, -4/64 HPs)
             Began as a Gnoll Warper on Mar 22, 2024.
             Was an Initiate of Ashenzari.
             Killed from afar by Dowan (27 damage)
             ... with a shard of ice
             ... on level 5 of the Dungeon.
             The game lasted 00:09:46 (5234 turns).

smashvw the Grasshopper (Gnoll Warper)              Turns: 5234, Time: 00:09:46

Health: -4/64      AC: 11    Str: 11    XL:     8   Next: 22%
Magic:  16/17      EV:  7    Int: 12    God:    Ashenzari [......]
Gold:   272        SH:  0    Dex: 19    Spells: 19/19 levels left

rFire   . . .        E - +4 falchion "Askut" {freeze, Dex+5}
rCold   . . .        (no shield)
rNeg    . . .        n - +0 chain mail
rPois   .            i - +0 helmet
rElec   .            (no cloak)
rCorr   .            y - +0 pair of gloves
SInv    .            (no boots)
Will    .....        (no amulet) Stlth
                     (no ring)
HPRegen 0.30/turn    (no ring)
MPRegen 0.15/turn

%: no passive effects
@: no status effects
A: fangs 1, strong nose, distributed training
a: Renounce Religion


You were on level 5 of the Dungeon.
You worshipped Ashenzari.
Ashenzari was noncommittal.
You visited 2 branches of the dungeon, and saw 6 of its levels.
You also visited: Sewer.

You collected 272 gold pieces.

Inventory:

Hand Weapons
 a - a +0 falchion
 q - the +2 mace of the Lame Duck {drain, rF+ Dex+2}
   (You found it on level 2 of the Dungeon)

   Dex+2:     It affects your dexterity (+2).
   rF+:       It protects you from fire.
 B - the +5 whip of the Hurling Gods {flame, rF++ rN+}
   (You found it on level 4 of the Dungeon)

   rF++:      It greatly protects you from fire.
   rN+:       It protects you from negative energy.
 E - the +4 falchion "Askut" (weapon) {freeze, Dex+5}
   (You found it on level 5 of the Dungeon)

   Dex+5:     It affects your dexterity (+5).
Missiles
 d - 7 darts of dispersal
 j - 14 boomerangs (quivered)
 m - 27 stones
Armour
 b - a +0 leather armour
 i - a +0 helmet (worn)
 n - a +0 chain mail (worn)
 y - a +0 pair of gloves (worn)
Jewellery
 g - an amulet of magic regeneration
 A - a ring of fire
Wands
 t - a wand of flame (42)
 z - a wand of charming (9)
Scrolls
 c - a scroll of blinking
 f - 6 scrolls of identify {unknown}
 h - 3 scrolls of amnesia {unknown}
 k - a scroll of revelation {unknown}
 l - a scroll of vulnerability {unknown}
 o - a scroll of noise {unknown}
 p - 2 scrolls of fear {unknown}
 r - 2 scrolls of poison {unknown}
 v - a scroll of teleportation {unknown}
 x - a scroll of fog {unknown}
 D - a scroll of enchant weapon {unknown}
Potions
 e - 3 potions of curing {unknown}
 s - a potion of enlightenment {unknown}
 u - 2 potions of heal wounds {unknown}
 w - a potion of lignification {unknown}
 C - a potion of cancellation {unknown}


   Skills:
 + Level 5.6 Fighting
 + Level 3.2 Short Blades
 + Level 5.6 Long Blades
 + Level 3.2 Axes
 + Level 3.2 Maces & Flails
 + Level 3.2 Polearms
 + Level 3.2 Staves
 + Level 3.2 Ranged Weapons
 + Level 4.1 Throwing
 + Level 4.1 Armour
 + Level 5.6 Dodging
 + Level 3.2 Stealth
 + Level 3.2 Shields
 + Level 3.2 Unarmed Combat
 + Level 6.0 Spellcasting
 + Level 2.6 Conjurations
 + Level 2.6 Hexes
 + Level 2.6 Summonings
 + Level 2.6 Necromancy
 + Level 6.1 Translocations
 + Level 2.6 Fire Magic
 + Level 2.6 Ice Magic
 + Level 2.6 Air Magic
 + Level 2.6 Earth Magic
 + Level 2.6 Alchemy
 + Level 3.5 Invocations
 + Level 3.2 Evocations
 + Level 2.9 Shapeshifting


You had 19 spell levels left.
You didn't know any spells.
Your spell library contained the following spells:

 Spells                   Type           Power      Damage    Failure   Level
 Blink                    Tloc           36%        N/A       52%         2
 Lesser Beckoning         Tloc           36%        N/A       52%         2
 Gell's Gravitas          Tloc           18%        N/A       75%         3
 Teleport Other           Tloc           18%        N/A       75%         3
 Sublimation of Blood     Necr           9%         N/A       94%         2
 Manifold Assault         Tloc           18%        N/A       98%         4
 Fugue of the Fallen      Necr           9%         N/A       99%         3
 Inner Flame              Hex/Fire       9%         N/A       99%         3
 Ozocubu's Armour         Ice            9%         N/A       99%         3
 Summon Ice Beast         Ice/Summ       9%         N/A       99%         3
 Petrify                  Alch/Erth      9%         N/A       100%        4
 Vhi's Electric Charge    Tloc/Air       28%        N/A       100%        4
 Irradiate                Conj/Alch      4%         3d13      100%        5
 Summon Mana Viper        Hex/Summ       9%         N/A       100%        5
 Dispersal                Tloc           9%         N/A       100%        6
 Monstrous Menagerie      Summ           4%         N/A       100%        7
 Ignition                 Fire           4%         3d4       100%        8


Dungeon Overview and Level Annotations

Branches:
Dungeon (5/15)             Temple (1/1) D:5           Sewer (visited)

Altars:
Ashenzari
Cheibriados
Dithmenos
Elyvilon
Fedhas
Gozag
Hepliaklqana
Makhleb
Nemelex Xobeh
Okawaru
Qazlal
Sif Muna
Trog
Uskayaw
Vehumet
Wu Jian
Xom
Yredelemnul
Zin

Annotations:
D:5 Dowan


Innate Abilities, Weirdness & Mutations

You have very sharp teeth.
Your uncanny sense of smell can sniff out nearby items.
Your experience applies equally to all skills.


Message History

Duvessa is moderately wounded.
Duvessa hits you but does no damage.
You hit Duvessa but do no damage.
Duvessa is moderately wounded.
Duvessa hits you with a +0 short sword!
You hit Duvessa. You freeze Duvessa.
Duvessa is moderately wounded.
Duvessa barely misses you.
You slash Duvessa! You freeze Duvessa. You bite Duvessa, but do no damage.
Duvessa is severely wounded.
Duvessa hits you with a +0 short sword.
You hit Duvessa. You freeze Duvessa.
Duvessa is severely wounded.
Duvessa closely misses you.
You hit Duvessa. You freeze Duvessa. Your bite misses Duvessa.
Duvessa is almost dead.
Duvessa closely misses you.
Dowan generates a fountain of clear water, and laughs cruelly.
You closely miss Duvessa.
Duvessa is almost dead.
Duvessa hits you with a +0 short sword.
Dowan points at Duvessa and mumbles some strange words.
Duvessa seems to speed up.
You hit Duvessa. You freeze Duvessa.
You kill Duvessa!
Dowan screams, "No!
No!"
Dowan seems to find hidden reserves of power!
Your Spellcasting skill increases to level 6!
You closely miss Dowan. Your bite misses Dowan.
Dowan hits you with a +1 dagger of electrocution.
Dowan hits you but does no damage.
You miss Dowan. Dowan gestures at you while chanting. The stone arrow hits you!
You are too injured to fight recklessly!
You are too injured to fight recklessly!
You barely miss Dowan.
Dowan points at you and mumbles some strange words.
The shard of ice hits you!!
You die...

##..........# #.....# #...
####.######.## ##...## #.##
####.# #..## #...######.# .....#
##.#.## #........#.#
.....#####.....######...####.#.#
................#....<.......#)#
.....#.###.....................##
###...## #.....##e...........##.†
∆∆#..## #......@##.#...#.##.##.)
∆∆#### ##.#.##÷##.#........##..
+# ###.#.##.##.#...#.#####.. .#
#.....##.##.#...#.# #.. ##
#.#.####.##.......# #..
#.#.####.#####.#### #.. ####
#†#......# .#.# .##
...######.######## .#


#Be ..........# .. ..# ∆ You could see Dowan (fast).

Vanquished Creatures
  Edmund (D:4)
  Duvessa (D:5)
  A sky beast (Sewer)
  2 brain worms (Sewer)
  A bullfrog (D:5)
  A scorpion (D:5)
  2 bombardier beetles
  3 hounds (D:5)
  2 orc priests
  3 iguanas
  An orc wizard (D:5)
  5 adders
  A white imp (D:5)
  3 ribbon worms
  9 orcs
  3 bats
  5 endoplasms
  4 giant cockroaches
  A goblin (D:2)
  8 hobgoblins
  4 quokkas
  3 ball pythons
  3 frilled lizards
  8 kobolds
  8 rats
83 creatures vanquished.

Notes
Turn   | Place    | Note
-------+----------+-------------------------------------------
     0 | D:1      | smashvw the Gnoll Warper began the quest for the Orb.
     0 | D:1      | Reached XP level 1. HP: 20/20 MP: 6/6
   439 | D:1      | Reached XP level 2. HP: 23/26 MP: 7/7
   526 | D:1      | Found a faded altar of an unknown god.
  1003 | D:2      | Reached skill level 5 in Spellcasting
  1003 | D:2      | Reached XP level 3. HP: 31/31 MP: 7/9
  1138 | D:2      | Reached skill level 1 in Invocations
  1427 | D:2      | Identified the +2 mace of the Lame Duck {drain, rF+ Dex+2}
  1969 | D:3      | Reached skill level 1 in Short Blades
  1969 | D:3      | Reached skill level 1 in Axes
  1969 | D:3      | Reached skill level 1 in Maces & Flails
  1969 | D:3      | Reached skill level 1 in Polearms
  1969 | D:3      | Reached skill level 1 in Staves
  1969 | D:3      | Reached skill level 1 in Ranged Weapons
  1969 | D:3      | Reached skill level 1 in Stealth
  1969 | D:3      | Reached skill level 1 in Shields
  1969 | D:3      | Reached skill level 1 in Unarmed Combat
  1969 | D:3      | Reached skill level 1 in Evocations
  1969 | D:3      | Reached skill level 1 in Shapeshifting
  1969 | D:3      | Reached XP level 4. HP: 24/38 MP: 11/11
  1999 | D:3      | Reached skill level 1 in Conjurations
  1999 | D:3      | Reached skill level 1 in Hexes
  1999 | D:3      | Reached skill level 1 in Summonings
  1999 | D:3      | Reached skill level 1 in Necromancy
  1999 | D:3      | Reached skill level 1 in Fire Magic
  1999 | D:3      | Reached skill level 1 in Ice Magic
  1999 | D:3      | Reached skill level 1 in Air Magic
  1999 | D:3      | Reached skill level 1 in Earth Magic
  1999 | D:3      | Reached skill level 1 in Alchemy
  2043 | D:3      | Found a radiant altar of Vehumet.
  2180 | D:3      | Reached XP level 5. HP: 43/43 MP: 12/12
  2351 | D:3      | Found a glowing drain.
  2365 | Sewer    | Entered a sewer
  2482 | Sewer    | Reached XP level 6. HP: 50/50 MP: 14/14
  2489 | Sewer    | Noticed Pargi
  2490 | Sewer    | Pargi changed into Pargi the sky beast
  2490 | Sewer    | Noticed Pargi
  2506 | Sewer    | Killed Pargi the sky beast
  2507 | Sewer    | Reached skill level 5 in Fighting
  2507 | Sewer    | Reached skill level 5 in Long Blades
  2507 | Sewer    | Reached skill level 5 in Dodging
  3069 | D:4      | Identified the +5 whip of the Hurling Gods {flame, rF++
                  | rN+}
  3539 | D:4      | Noticed Edmund
  3559 | D:4      | Killed Edmund
  3560 | D:4      | Reached XP level 7. HP: 26/55 MP: 15/15
  3879 | D:4      | Found an iron altar of Okawaru.
  4252 | D:5      | Entered Level 5 of the Dungeon
  4652 | D:5      | Reached XP level 8. HP: 56/63 MP: 16/16
  4755 | D:5      | Identified the +4 falchion "Askut" {freeze, Dex+5}
  4761 | D:5      | Found a staircase to the Ecumenical Temple.
  4947 | Temple   | Entered the Ecumenical Temple
  5034 | Temple   | Became a worshipper of Ashenzari the Shackled
  5202 | D:5      | Noticed Duvessa
  5202 | D:5      | Noticed Dowan
  5231 | D:5      | Killed Duvessa
  5234 | D:5      | Killed from afar by Dowan

Illustrated notes

Levels and vault maps discovered:
D:1:      matt_arrival_los_fun, layout_loops_ring, serial_glass,
          glass_columns_a, glass_columns_b, ebering_ecumenical_altar_petrified,
          dreamdust_mushroom_princess, bh_walls_and_bars
D:2:      layout_loops_corners, kennysheep_donut, st_stairs_8
D:3:      layout_basic, vehumet_altar_wand_db, cheibrodos_sewer_entry_bend,
          nrook_uturn
D:4:      layout_layer_cave, mainiacjoe_overflow_catwalk, uniq_edmund
D:5:      layout_loops_cross, minmay_temple_entry_nine_rooms,
          supply_closet_lemuel, uniq_duvessa
Temple:   minmay_crystal_spiral_temple

Skill      XL: |  1  2  3  4  5  6  7  8 |
---------------+-------------------------+-----
Spellcasting   | 5 6 |  6.0
Invocations    | 1 2 3 |  3.5
Short Blades   | 1 2 3 |  3.2
Axes           | 1 2 3 |  3.2
Maces & Flails | 1 2 3 |  3.2
Polearms       | 1 2 3 |  3.2
Staves         | 1 2 3 |  3.2
Ranged Weapons | 1 2 3 |  3.2
Stealth        | 1 2 3 |  3.2
Shields        | 1 2 3 |  3.2
Unarmed Combat | 1 2 3 |  3.2
Evocations     | 1 2 3 |  3.2
Shapeshifting  | 1 2 |  2.9
Conjurations   | 1 2 |  2.6
Hexes          | 1 2 |  2.6
Summonings     | 1 2 |  2.6
Necromancy     | 1 2 |  2.6
Fire Magic     | 1 2 |  2.6
Ice Magic      | 1 2 |  2.6
Air Magic      | 1 2 |  2.6
Earth Magic    | 1 2 |  2.6
Alchemy        | 1 2 |  2.6
Throwing       | 3 4 |  4.1
Armour         | 3 4 |  4.1
Fighting       | 5 |  5.6
Long Blades    | 5 |  5.6
Dodging        | 5 |  5.6
Translocations | 6 |  6.1

Action                     |  1- 3 |  4- 6 |  7- 9 || total
---------------------------+-------+-------+-------++-------
  Melee: Falchion          |    66 |       |    17 ||    83
         Bite              |     8 |    12 |    12 ||    32
         Mace              |    26 |    48 |       ||    74
         Whip              |       |    35 |    66 ||   101
  Throw: Boomerang         |    31 |    31 |    15 ||    77
  Evoke: Wand              |       |     1 |       ||     1
 Armour: Leather armour    |    31 |       |       ||    31
         Chain mail        |    34 |    85 |    65 ||   184
  Dodge: Dodged            |    35 |    32 |    17 ||    84

Table legend: (Time is in decaauts)
 A = Elapsed time spent in this place.
 B = Non-inter-level travel time spent in this place.
 C = Inter-level travel time spent in this place.
 D = Time resting spent in this place.
 E = Time spent auto-exploring this place.
 F = Levels seen in this place.
 G = Mean time per level.
                   A        B        C        D        E       F      G
               +--------+--------+--------+--------+--------+-----+--------+
         Total |   5288 |   4929 |    359 |      0 |   4212 |   7 |  755.4 |
       Dungeon |   4872 |   4685 |    187 |      0 |   4062 |   5 |  974.4 |
        Temple |    174 |      2 |    172 |      0 |      0 |   1 |  174.0 |
         Sewer |    240 |    240 |      0 |      0 |    150 |   1 |  240.0 |
               +--------+--------+--------+--------+--------+-----+--------+

Top non-repeatable levels by time:
     D:4: 1475 daAuts
     D:2: 1066 daAuts
     D:5: 806 daAuts
     D:1: 777 daAuts
     D:3: 746 daAuts
   Sewer: 240 daAuts
  Temple: 174 daAuts
